 Dungeon Crawl Stone Soup version 0.27-a0-1202-ge72e49191c (webtiles) character file.

Game seed: 16525437512341970407

328 27snakeeyes612 the Chopper (level 6, -2/51 (56) HPs)
             Began as a Naga Fighter on June 4, 2021.
             Killed by nerve-wracking pain
             ... invoked by an orc priest
              (12 damage)
             ... on level 4 of the Dungeon.
             The game lasted 00:04:48 (4242 turns).

27snakeeyes612 the Chopper (Naga Fighter)           Turns: 4242, Time: 00:04:48

HP:   -2/51 (56)    AC:  7    Str: 20    XL:     6   Next: 50%
MP:   6/6           EV:  5    Int:  8    God:
Gold: 95            SH:  9    Dex: 11    Spells: 5/5 levels left

rFire    . . .     SeeInvis +   a - +0 war axe
rCold    . . .     Faith    .   c - +0 kite shield
rNeg     . . .     Spirit   .   b - +0 scale mail
rPois    +         Reflect  .   (no helmet)
rElec    .         Harm     .   d - +0 cloak
rCorr    .         Rampage  .   (no gloves)
Will     .....                  (no barding)
Stlth    ..........             (no amulet)
HPRegen  0.17/turn              (no ring)
MPRegen  0.10/turn              (no ring)

@: drained, very slow
A: AC +2, large, see invisible, deformed body, poison resistance, slowness 2,
spit poison 1, naga tail 1
a: Spit Poison


You were on level 4 of the Dungeon.
You visited 1 branch of the dungeon, and saw 4 of its levels.

You collected 95 gold pieces.

Inventory:

Hand Weapons
 a - a +0 war axe (weapon)
Missiles
 j - a throwing net
 n - 3 atropa-tipped darts
Armour
 b - a +0 scale mail (worn)
 c - a +0 kite shield (worn)
 d - a +0 cloak (worn)
Wands
 q - a wand of polymorph (8)
Scrolls
 e - a scroll of brand weapon {unknown}
 f - a scroll of magic mapping {unknown}
 h - 2 scrolls of noise {unknown}
 k - a scroll of blinking {unknown}
 l - 2 scrolls of amnesia {unknown}
 p - a scroll of identify {unknown}
Potions
 g - 2 potions of curing {unknown}
 i - a potion of lignification {unknown}
 m - a potion of cancellation {unknown}
 o - a potion of might
 r - a potion of haste {unknown}


   Skills:
 + Level 3.6 Fighting
 + Level 4.4 Axes
 + Level 4.1 Armour
 + Level 0.7 Dodging
 + Level 2.7 Shields


You had 5 spell levels left.
You didn't know any spells.
Your spell library contained the following spells:

 Spells                   Type           Power      Damage    Failure   Level
 Magic Dart               Conj           0%         1d3       99%         1
 Searing Ray              Conj           0%         3d3       100%        2
 Dazzling Flash           Conj/Hex       0%         N/A       100%        3
 Fulminant Prism          Conj/Hex       0%         3d6       100%        4
 Iskenderun's Mystic Bla  Conj/Tloc      0%         2d3       100%        4


Dungeon Overview and Level Annotations

Branches:
Dungeon (4/15)
 Temple: D:4-7

Altars:
Xom

Shops:
D:2 [   D:3 (

Annotations:
D:4 1 transporter


Innate Abilities, Weirdness & Mutations

Your serpentine skin is tough. (AC +2)
You have supernaturally acute eyesight. (SInv)
Armour fits poorly on your strangely shaped body.
Your system is resistant to poisons. (rPois)
You cover ground very slowly.
You can spit poison.
You have a snake-like lower body.


Message History

You are too injured to fight recklessly!
You are too injured to fight recklessly!
You block the orc's attack. You block the orc priest's attack.
The orc hits you but does no damage.
You feel drained.
You see here 11 gold pieces.
You hit the orc priest.
The orc priest is moderately wounded.
You closely miss the orc. You block the orc priest's attack.
The orc completely misses you.
You hit the orc priest.
The orc priest is severely wounded.
You hit the orc but do no damage.
The orc priest hits you with a +0 hand axe.
The orc hits you but does no damage.
You feel drained. You block the orc priest's attack.
The orc hits you but does no damage.
You feel drained.
You closely miss the orc priest.
The orc priest is severely wounded.
You hit the orc.
The orc priest hits you but does no damage.
You block the orc's attack.
You closely miss the orc priest.
The orc priest is severely wounded.
You closely miss the orc.
The orc priest hits you with a +0 hand axe.
* * * LOW HITPOINT WARNING * * *
You block the orc's attack.
The orc priest hits you with a +0 hand axe.
* * * LOW HITPOINT WARNING * * *
You hit the orc priest.
The orc priest is almost dead.
You hit the orc.
You kill the orc!
You block the orc priest's attack.
You closely miss the orc priest.
The orc priest is almost dead.
You block the orc priest's attack.
The orc priest invokes the aid of Beogh against you.
Pain shoots through your body!
You die...

####.##.#..##.# ####
...........##.###≈P. .
##.#.##<#####..#.P≈.
..####.#>##.# #..≈P≈P≈
........##.# #PP≈♣≈P≈
...........#####P≈♣♣♣♣♣
#####...........P≈≈
#))#########.≈≈♣♣♣♣
#.@# ##≈≈P≈≈♣ #.o#
#≈≈≈≈≈P #..# ##≈P.P#
#..# #.# #..# ##.# ..)#
#.)# ##.# #... #.#
#.####. #.....#


You could see an orc priest.

Vanquished Creatures
  An ogre (D:4)
  Terence (D:3)
  Natasha (thrice) (D:3)
  6 adders
  2 worms
  6 dart slugs
  2 orcs (D:4)
  4 ball pythons
  9 endoplasms
  A giant cockroach (D:3)
  5 goblins
  4 hobgoblins
  8 jackals
  2 quokkas
  5 bats
  3 frilled lizards
  6 kobolds
  5 rats
73 creatures vanquished.

Vanquished Creatures (others)
  A plant (D:4)
1 creature vanquished.

Grand Total: 74 creatures vanquished

Notes
Turn   | Place    | Note
-------+----------+-------------------------------------------
     0 | D:1      | 27snakeeyes612 the Naga Fighter began the quest for the
                  | Orb.
     0 | D:1      | Reached XP level 1. HP: 21/21 MP: 1/1
   304 | D:1      | Reached XP level 2. HP: 5/28 MP: 2/2
  1051 | D:1      | Reached XP level 3. HP: 34/34 MP: 3/3
  1615 | D:2      | Found Mexzeju's Antique Armour Shop.
  1845 | D:2      | Reached XP level 4. HP: 21/42 MP: 4/4
  2845 | D:3      | Found a shimmering altar of Xom.
  2880 | D:3      | Noticed Terence
  2890 | D:3      | Killed Terence
  2891 | D:3      | Reached XP level 5. HP: 23/49 MP: 5/5
  3133 | D:3      | Noticed Natasha
  3143 | D:3      | Killed Natasha
  3253 | D:3      | Noticed Natasha
  3256 | D:3      | Killed Natasha
  3456 | D:3      | Found Mobemona's Antique Weapon Boutique.
  3687 | D:3      | Noticed Natasha
  3695 | D:3      | Killed Natasha
  3696 | D:3      | Reached XP level 6. HP: 41/56 MP: 6/6
  4161 | D:4      | Found a transporter.
  4163 | D:4      | Noticed a necrophage
  4166 | D:4      | Noticed a steam dragon
  4242 | D:4      | Killed from afar by an orc priest

Illustrated notes

Levels and vault maps discovered:
D:1:      shiori_arrival_maze, layout_basic
D:2:      layout_basic, serial_shops, nicolae_shop_behind_doors
D:3:      layout_loops_ring, lemuel_doored_altar, serial_shops, shop,
          portal_sewer_entry_d, uniq_terence, uniq_natasha
D:4:      layout_loops_ring, nzn_overflow_gifts_of_might_and_magic,
          gammafunk_temple_overflow_arena, serial_bayou_pond_c

Skill      XL: |  1  2  3  4  5  6 |
---------------+-------------------+-----
Axes           | 3 4 |  4.4
Armour         | 3 4 |  4.1
Fighting       | |  3.6
Dodging        | |  0.7
Shields        | |  2.7

Action                   |  1- 3 |  4- 6 || total
-------------------------+-------+-------++-------
Melee: War axe           |   121 |   108 ||   229
 Abil: Spit Poison       |     1 |     4 ||     5
  Use: Potion            |       |     1 ||     1
Armor: Scale mail        |    63 |    47 ||   110
Dodge: Dodged            |    35 |    19 ||    54
Block: Kite shield       |    72 |    53 ||   125

Table legend: (Time is in decaauts)
 A = Elapsed time spent in this place.
 B = Non-inter-level travel time spent in this place.
 C = Inter-level travel time spent in this place.
 D = Time resting spent in this place.
 E = Time spent auto-exploring this place.
 F = Levels seen in this place.
 G = Mean time per level.
                   A        B        C        D        E       F      G
               +--------+--------+--------+--------+--------+-----+--------+
         Total |   5104 |   5022 |     82 |    307 |   4045 |   4 | 1276.0 |
       Dungeon |   5104 |   5022 |     82 |    307 |   4045 |   4 | 1276.0 |
               +--------+--------+--------+--------+--------+-----+--------+

Top non-repeatable levels by time:
     D:3: 1676 daAuts
     D:1: 1663 daAuts
     D:2: 1286 daAuts
     D:4: 478 daAuts
